 Dungeon Crawl Stone Soup version 0.22.1-2-g9c5b331 (webtiles) character file.

2298 Gearfox the Basher (level 9, 0/70 HPs)
             Began as a Green Draconian Fighter on Nov 27, 2018.
             Was a Follower of Okawaru.
             Slain by an ogre
             ... wielding a +0 giant spiked club
              (25 damage)
             ... on level 7 of the Dungeon.
             The game lasted 00:47:11 (8153 turns).

Gearfox the Basher (Green Draconian Fighter)        Turns: 8153, Time: 00:47:12

Health: 0/70       AC: 10    Str: 24    XL:     9   Next: 17%
Magic:  9/9        EV: 11    Int:  8    God:    Okawaru [*.....]
Gold:   226        SH: 11    Dex: 12    Spells: 8/8 levels left

rFire    x . .     SeeInvis .   c - +4 flail (crush)
rCold    + . .     Gourm    .   b - +0 shield
rNeg     . . .     Faith    +   (armour unavailable)
rPois    +         Spirit   .   (helmet restricted)
rElec    .         Reflect  .   t - +0 cloak
rCorr    .         Harm     .   n - +0 pair of gloves
MR       .....                  u - +0 pair of boots
Stlth    ++........             h - amulet of faith
HPRegen  0.21/turn              f - +3 ring of strength
MPRegen  0.11/turn              v - ring of ice

@: no status effects
A: breathe noxious fumes, unfitting armour, poison resistance, cold-blooded, AC
+7
a: Breathe Noxious Fumes, Heroism, Renounce Religion


You were on level 7 of the Dungeon.
You worshipped Okawaru.
Okawaru was aware of your devotion.
You were not hungry.

You visited 2 branches of the dungeon, and saw 8 of its levels.

You collected 303 gold pieces.
You spent 77 gold pieces at shops.

Inventory:

Hand Weapons
 c - a +4 flail of crushing (weapon)
 k - a +0 falchion of slicing
Armour
 b - a +0 shield (worn)
 n - a +0 pair of gloves (worn)
 t - a +0 cloak (worn)
 u - a +0 pair of boots (worn)
Jewellery
 f - a +3 ring of strength (left hand)
 h - an amulet of faith (around neck)
 p - an uncursed ring of see invisible
 q - an uncursed ring of flight
 v - a ring of ice (right hand)
Wands
 m - a wand of flame (32)
 r - a wand of paralysis (4)
Scrolls
 g - a scroll of teleportation
 s - a scroll of remove curse
Potions
 a - a potion of might
 j - a potion of magic
 o - 3 potions of haste {unknown}
 w - a potion of heal wounds {unknown}
Comestibles
 d - 14 rations
 i - 3 chunks of flesh


   Skills:
 - Level 3.2 Fighting
   Level 7.4(9.1) Axes
 - Level 8.1(9.4) Maces & Flails
 - Level 2.6 Dodging
 - Level 1.2 Stealth
 * Level 6.2 Shields


You had 8 spell levels left.
You didn't know any spells.
Your spell library contained the following spells:

 Spells                   Type           Power        Failure   Level  Hunger
 Confusing Touch          Hex            #.....       80%         1    ##.....
 Confuse                  Hex            #.......     99%         3    ####...
 Gell's Gravitas          Tloc           #.........   99%         3    ####...
 Petrify                  Tmut/Erth      #.......     100%        4    #####..
 Metabolic Englaciation   Hex/Ice        #.........   100%        5    ######.
 Yara's Violent Unravell  Hex/Tmut       #.........   100%        5    ######.


Dungeon Overview and Level Annotations

Branches:
Dungeon (7/15)             Temple (1/1) D:6

Altars:
Ashenzari
Cheibriados
Dithmenos
Elyvilon
Fedhas
Gozag
Hepliaklqana
Kikubaaqudgha
Nemelex Xobeh
Okawaru
Ru
Sif Muna
Trog
Uskayaw
Wu Jian
Xom
Yredelemnul
Zin
The Shining One

Shops:
D:4 }

Annotations:
D:7 Harold


Innate Abilities, Weirdness & Mutations

You can breathe blasts of noxious fumes.
Your lurid green scales are hard. (AC +7)
You cannot fit into any form of body armour.
Your system is resistant to poisons. (rPois)
You are cold-blooded and may be slowed by cold attacks.


Message History

The gnoll shaman is healed somewhat.
There is a large open door, spattered with blood here.
Items here: )))) [ ÷÷÷÷÷ The gnoll shaman hits you with a whip.
The orc warrior hits you from afar with a glaive.
The gnoll shaman calls down the wrath of its god upon you.
You easily resist.
There is an open door here.
Things that are here:
a short sword; a plate armour The ogre hits you with a giant spiked club.
The orc warrior hits you but does no damage.
Items here: )) [ ÷÷ a short sword; a chain mail; a whip; an orc skeleton; a gnoll skeleton
Things that are here:
a giant spiked club; an ogre skeleton You have got your breath back.
You block the orc warrior's attack.
The ogre hits you with a giant spiked club!!
You die...

#..#........P.......'.
######
#..'.......((...)...##
.....#
.####.......#####).....
.....#
.........####..)#......
.)...#
..P.P♣.@♣#>.#)..).)....
.....#
.....)♣###.)'...'......
.....#
.P..♣###.))#########..P
.....# ♣.♣ ##.Oog##
.PP. ##.### ' #.@.###
P♣. .....# #..## ♣
.#.### ####.## .....#
##.....# ....<#
##...#.## .....#
#..##### .....# ##..##
.....# #####..#######
#..#.###.# #.........


You could see an orc warrior, an ogre and a gnoll shaman.

Vanquished Creatures
  Grinder (D:6)
  Edmund (D:4)
  2 orc warriors (D:7)
  3 ogres
  2 centaurs (D:6)
  Blork the orc (D:6)
  A bullfrog (D:6)
  5 scorpions (D:4)
  A vampire bat (D:6)
  2 howler monkeys
  A crimson imp (D:3)
  2 hounds
  A jelly (D:6)
  A bullfrog zombie (D:5)
  4 orc priests
  3 gnoll shamans (D:7)
  4 orc wizards
  An iron imp (D:4)
  Terence (D:2)
  3 worker ants
  10 adders
  8 gnolls (D:7)
  A shadow imp (D:5)
  2 oozes
  An adder skeleton (D:5)
  3 worms
  2 dart slugs
  2 leopard geckos
  14 orcs
  3 ball pythons
  15 bats
  3 bat skeletons (D:6)
  2 bat zombies (D:6)
  5 giant cockroaches
  9 goblins
  3 hobgoblins
  13 jackals
  2 quokkas
  8 frilled lizards
  9 kobolds
  A quokka skeleton (D:5)
  A rat (D:2)
  A plant (D:7)
158 creatures vanquished.

Vanquished Creatures (others)
  14 fungi (D:4)
14 creatures vanquished.

Grand Total: 172 creatures vanquished

Notes
Turn   | Place    | Note
-------+----------+-------------------------------------------
     0 | D:1      | Gearfox the Draconian Fighter began the quest for the Orb.
     0 | D:1      | Reached XP level 1. HP: 19/19 MP: 1/1
    63 | D:1      | Reached XP level 2. HP: 25/26 MP: 2/2
   820 | D:1      | Reached XP level 3. HP: 25/31 MP: 3/3
  1084 | D:2      | Found a snail-covered altar of Cheibriados.
  1337 | D:2      | Noticed Terence
  1355 | D:2      | Killed Terence
  1491 | D:2      | Found a glowing golden altar of the Shining One.
  1533 | D:2      | Reached XP level 4. HP: 38/38 MP: 4/4
  2418 | D:3      | Reached skill level 5 in Axes
  2418 | D:3      | Reached XP level 5. HP: 27/45 MP: 5/5
  3281 | D:4      | Found Jyppaoss's Gadget Shop.
  3287 | D:4      | Reached XP level 6. HP: 49/51 MP: 6/6
  3295 | D:4      | Bought a wand of paralysis (5) for 77 gold pieces
  3670 | D:4      | Found a snail-covered altar of Cheibriados.
  3881 | D:4      | Noticed Edmund
  3923 | D:4      | Killed Edmund
  3923 | D:4      | Reached skill level 1 in Stealth
  4512 | D:4      | Reached skill level 1 in Maces & Flails
  4512 | D:4      | Your scales start taking on a lurid green colour.
  4512 | D:4      | Reached XP level 7. HP: 18/57 MP: 7/7
  4512 | D:4      | Gained mutation: Your system is resistant to poisons.
                  | (rPois) [Green Draconian growth]
  4518 | D:4      | Reached skill level 2 in Maces & Flails
  4827 | D:4      | Reached skill level 3 in Maces & Flails
  4976 | D:4      | Found the +7 Singing Sword
  5083 | D:5      | Entered Level 5 of the Dungeon
  5310 | D:5      | Reached skill level 4 in Maces & Flails
  5326 | D:5      | Found a sacrificial altar of Ru.
  5462 | D:5      | Found a hide-covered altar of Uskayaw.
  5731 | D:5      | Reached skill level 5 in Maces & Flails
  5774 | D:5      | Reached XP level 8. HP: 63/63 MP: 8/8
  6180 | D:6      | Reached skill level 6 in Maces & Flails
  6208 | D:6      | Noticed Grinder
  6252 | D:6      | Reached skill level 7 in Maces & Flails
  6254 | D:6      | Paralysed by Grinder for 7 turns
  6270 | D:6      | Killed Grinder
  6488 | D:6      | Reached skill level 8 in Maces & Flails
  6519 | D:6      | Found a staircase to the Ecumenical Temple.
  6519 | D:6      | Noticed Blork the orc
  6525 | D:6      | Killed Blork the orc
  6539 | Temple   | Entered the Ecumenical Temple
  6828 | Temple   | Became a worshipper of Warmaster Okawaru
  7280 | D:6      | Found a bloodstained altar of Trog.
  7287 | D:6      | Found an ornate altar of the Wu Jian Council.
  7414 | D:6      | Found an ancient bone altar of Kikubaaqudgha.
  7600 | D:7      | Found a glowing silver altar of Zin.
  7728 | D:7      | Reached skill level 5 in Shields
  7728 | D:7      | Reached XP level 9. HP: 67/70 MP: 9/9
  7751 | D:7      | HP: 2/70 [ogre/giant spiked club (29)]
  7755 | D:7      | Reached * piety under Okawaru
  8118 | D:7      | Noticed Harold
  8153 | D:7      | Slain by an ogre

Skill      XL: |  1  2  3  4  5  6  7  8  9 |
---------------+----------------------------+-----
Axes           | 3 4 5 6 7 |  7.4
Stealth        | 1 |  1.2
Maces & Flails | 1 5 8 |  8.1
Shields        | 5 6 |  6.2
Fighting       | |  3.2
Dodging        | |  2.6

Action                   |  1- 3 |  4- 6 |  7- 9 || total
-------------------------+-------+-------+-------++-------
Melee: War axe           |    99 |   129 |       ||   228
       Tailslap          |     9 |    19 |    22 ||    50
       Flail             |       |     8 |   196 ||   204
 Abil: Breathe Noxious F |       |       |     8 ||     8
Evoke: Wand              |       |       |     1 ||     1
  Use: Scroll            |     2 |     6 |     1 ||     9
       Potion            |     1 |     1 |     8 ||    10
 Stab: Sleeping          |       |     2 |       ||     2
       Confused          |       |       |     4 ||     4
       Paralysed         |       |       |     4 ||     4
  Eat: Chunk             |     2 |     7 |     9 ||    18
       Ration            |       |     1 |     1 ||     2
Armor: Skin              |    39 |    36 |    62 ||   137
Dodge: Dodged            |    53 |    39 |    90 ||   182
Block: Shield            |    75 |    69 |   106 ||   250
